 Dungeon Crawl Stone Soup version 0.28.0-45-g0d030f2227 (webtiles) character file.

Game seed: 12843324613982593301

24 Vadrig the Skirmisher (level 3, 29/29 HPs)
             Began as a Hill Orc Fighter on Apr 7, 2022.
             Quit the game on level 2 of the Dungeon.
             The game lasted 00:04:31 (883 turns).

Vadrig the Skirmisher (Hill Orc Fighter)             Turns: 883, Time: 00:04:32

Health: 29/29      AC:  6    Str: 20    XL:     3   Next: 2%
Magic:  3/3        EV:  9    Int: 14    God:
Gold:   12         SH:  4    Dex: 10    Spells: 2/2 levels left

rFire   . . .      SeeInvis .   a - +0 war axe
rCold   . . .      Faith    .   c - +0 buckler
rNeg    . . .      Spirit   .   b - +0 scale mail
rPois   .          Reflect  .   (no helmet)
rElec   .          Harm     .   (no cloak)
rCorr   .          Rampage  .   (no gloves)
Will    .....                   (no boots)
Stlth   ..........              (no amulet)
HPRegen 0.09/turn               m - +6 ring of intelligence
MPRegen 0.08/turn               (no ring)

@: no status effects
A: talons 1, frail 1, inability to read while threatened
a: no special abilities


You were on level 2 of the Dungeon.
You visited 1 branch of the dungeon, and saw 2 of its levels.

You collected 12 gold pieces.

Dungeon Overview and Level Annotations

Branches:
Dungeon (2/15)

Altars:

Shops:
D:2 ?


Innate Abilities, Weirdness & Mutations

You have sharp toenails.
You are frail. (-10% HP)
You sometimes lose the ability to read scrolls when taking damage.


   Skills:
 + Level 4.0 Fighting
 + Level 3.2 Axes
 + Level 3.6 Armour
 + Level 0.8 Dodging
 - Level 3.2 Shields


You had 2 spell levels left.
You didn't know any spells.
Your spell library was empty.

Inventory:

Hand Weapons
 a - a +0 war axe (weapon)
Armour
 b - a +0 scale mail (worn)
 c - a +0 buckler (worn)
Jewellery
 m - a +6 ring of intelligence (left hand)
Scrolls
 f - a scroll of identify {unknown}
 j - a scroll of torment {unknown}
 k - a scroll of vulnerability {unknown}
Potions
 d - a potion of might
 e - a potion of mutation {!q}
 g - a potion of curing
 h - a potion of berserk rage
 i - a potion of flight
 l - a potion of haste {unknown}
 n - a potion of invisibility {unknown}


Message History

The jackal bites you.
You barely miss the jackal. Your kick misses the jackal.
The jackal completely misses you. You block the jackal's attack.
You slash the jackal!
You kill the jackal!
Your Fighting skill increases to level 4!
You see here a jackal corpse.
You see here an orange potion.
n - an orange potion You see here 6 boomerangs of dispersal.
g - 2 sedimented golden potions (gained 1)
There are no items here.
You see here 6 boomerangs of dispersal.
It was a potion of curing.
You feel better.
You see here 6 boomerangs of dispersal.
You are starting to lose your buoyancy.
There is an entrance to Jusu's Magic Scroll Emporium here.
You float gracefully downwards.
Found 27 stones.
As you open the door, it creaks loudly!
There is an open door here.
A dart slug comes into view.
The dart slug briefly extends its eye-stalks.
The dart slug launches a dart at you.
The slug dart hits you but does no damage.
The dart slug launches a dart at you. The slug dart misses you.
You hit the dart slug but do no damage. You claw the dart slug!
The dart slug is severely wounded.
The dart slug bites you but does no damage.
You hit the dart slug. You claw the dart slug.
You kill the dart slug!
You have reached level 3!
Your experience leads to an increase in your attributes!
Your base attributes are Str 18, Int 8, Dex 10.
Increase (S)trength, (I)ntelligence, or (D)exterity?
You feel stronger. x2
Unknown command.
Unknown command.
Are you sure you want to abandon this character and quit the game? (Confirm with "yes".)

#. #...# ...... #.
#...# #.....
######.####...#.#
#.....
..........#...#.#
#.....
#...........#.#
#.....
#.#...#.#...#.#
#.....
###.#.#...#.#
#..... #.#.#...#.#
#∩....
#@#.#.#.#.#(#.....
#.#.......#.#.....
#.###.#.###.#.....
... #.#.###.#.....
#.# #.......##.<..
#.# ###.###.####..
#.# #.####......
#.# #....'......
######....##


There were no monsters in sight!

Action                   || total
-------------------------++-------
Melee: War axe           ||    55
       Kick              ||     6
  Use: Potion            ||     4
Armor: Scale mail        ||    30
Dodge: Dodged            ||    33
Block: Buckler           ||    13

Vanquished Creatures
  2 dart slugs
  2 endoplasms (D:1)
  A giant cockroach (D:1)
  2 goblins (D:1)
  2 hobgoblins (D:1)
  2 jackals (D:2)
  A ball python (D:1)
  3 bats (D:1)
  A frilled lizard (D:1)
  A kobold (D:1)
  2 rats (D:1)
19 creatures vanquished.

Notes
Turn   | Place    | Note
-------+----------+-------------------------------------------
     0 | D:1      | Vadrig the Hill Orc Fighter began the quest for the Orb.
     0 | D:1      | Reached XP level 1. HP: 19/19 MP: 1/1
   156 | D:1      | Gained mutation: You sometimes lose the ability to read
                  | scrolls when taking damage. [potion of mutation]
   156 | D:1      | Gained mutation: You are frail. (-10% HP) [potion of
                  | mutation]
   156 | D:1      | Gained mutation: You have sharp toenails. [potion of
                  | mutation]
   174 | D:1      | Reached skill level 3 in Axes
   174 | D:1      | Reached XP level 2. HP: 24/24 MP: 2/2
   797 | D:2      | Found Jusu's Magic Scroll Emporium.
   808 | D:2      | Reached skill level 4 in Fighting
   883 | D:2      | Reached XP level 3. HP: 29/29 MP: 3/3
   883 | D:2      | Quit the game

Levels and vault maps discovered:
D:1:      tarquinn_simple_flora_water_c, layout_loops_ring
D:2:      wad_lake_hut, layout_basic, serial_shops, shop, uniq_jessica
